 Dungeon Crawl Stone Soup version 0.29.1-2-gbd0b4ee654 (webtiles) character file.

Game seed: 16871997942091570413

8930 Icepheonix32 the Tortoise (level 11, 0/101 HPs)
             Began as a Minotaur Fighter on Nov 2, 2022.
             Was a High Priest of Okawaru.
             Succumbed to Amaemon's poison
             ... on level 10 of the Dungeon.
             The game lasted 00:15:30 (13171 turns).

Icepheonix32 the Tortoise (Minotaur Fighter)       Turns: 13171, Time: 00:15:30

Health: 0/101      AC: 23    Str: 21    XL:     11   Next: 16%
Magic:  10/10      EV:  9    Int: 14    God:    Okawaru [*****.]
Gold:   604        SH: 12    Dex:  9    Spells: 10/10 levels left

rFire   + . .      SeeInvis .   u - +3 hand axe (vorpal)
rCold   . . .      Faith    .   c - +0 buckler
rNeg    + . .      Spirit   .   I - +0 chain mail
rPois   +          Reflect  +   a - +2 hat
rElec   .          Harm     .   w - +0 cloak
rCorr   .          Rampage  .   (no gloves)
Will    .....                   (no boots)
Stlth   ..........              l - amulet "Aproshi" {Reflect rF+ rN+ Int+7 Dex-3 SH+5}
HPRegen 1.06/turn               E - ring of poison resistance
MPRegen 0.12/turn               C - +4 ring of protection

@: mighty, lethally poisoned (0 -> -1), studying 2 skills
A: horns 2, retaliatory headbutt, regeneration 1, shaggy fur 2
a: Renounce Religion, Heroism, Finesse, Duel


You were on level 10 of the Dungeon.
You worshipped Okawaru.
Okawaru was extremely pleased with you.
You visited 2 branches of the dungeon, and saw 11 of its levels.
You also visited: Sewer.

You collected 708 gold pieces.
You spent 104 gold pieces at shops.

Inventory:

Hand Weapons
 d - a +1 demon whip of venom
 j - a +3 hand axe
 u - a +3 vorpal hand axe (weapon)
 A - a +3 hand axe of draining
 D - a +5 falchion
 G - a +4 short sword
Armour
 a - a +2 hat (worn)
 b - a +0 scale mail
 c - a +0 buckler (worn)
 w - a +0 cloak (worn)
 I - a +0 chain mail (worn)
Jewellery
 h - a ring of protection from cold
 i - a ring of positive energy
 l - the amulet "Aproshi" (around neck) {Reflect rF+ rN+ Int+7 Dex-3 SH+5}
   (You acquired it on level 8 of the Dungeon)

   [amulet of reflection]

   It reflects blocked missile attacks.
   Int:       It affects your intelligence (+7).
   Dex:       It affects your dexterity (-3).
   rF:        It protects you from fire.
   rN:        It protects you from negative energy.
   SH:        It affects your SH (+5).
 o - a ring of ice
 p - a ring of ice
 x - a ring of magical power
 B - a ring of resist corrosion
 C - a +4 ring of protection (right hand)
 E - a ring of poison resistance (left hand)
 K - an amulet of magic regeneration
Wands
 r - a wand of roots (8)
 z - a wand of mindburst (19)
 H - a wand of flame (16)
Scrolls
 e - 3 scrolls of amnesia
 k - 3 scrolls of blinking
 n - 7 scrolls of immolation
 s - 2 scrolls of teleportation
 t - 2 scrolls of silence
 y - a scroll of magic mapping
Potions
 g - 3 potions of invisibility
 q - 2 potions of attraction
 v - a potion of haste


   Skills:
 * Level 10.6 Fighting
 + Level 9.9 Axes
 * Level 15.1 Armour
 + Level 4.3 Dodging
 + Level 1.5 Stealth
 * Level 13.2 Shields
 + Level 0.4 Evocations


You had 10 spell levels left.
You didn't know any spells.
Your spell library contained the following spells:

 Spells                   Type           Power      Damage    Failure   Level
 Magic Dart               Conj           0%         1d3       86%         1
 Shock                    Conj/Air       0%         1d3       86%         1
 Slow                     Hex            0%         N/A       86%         1
 Searing Ray              Conj           0%         2d4       95%         2
 Sublimation of Blood     Necr           0%         N/A       95%         2
 Confusing Touch          Hex            0%         N/A       99%         3
 Swiftness                Air            0%         N/A       99%         3
 Vampiric Draining        Necr           0%         2d6       99%         3
 Airstrike                Air            0%         2d(0-16)  100%        4
 Fulminant Prism          Conj/Hex       0%         3d6       100%        4
 Hailstorm                Conj/Ice       0%         3d3       100%        4
 Ice Form                 Ice/Tmut       0%         N/A       100%        4
 Animate Armour           Summ/Erth      Unusable   N/A       N/A         4
 Simulacrum               Ice/Necr       Unusable   N/A       N/A         6

Dungeon Overview and Level Annotations

Branches:
Dungeon (10/15)            Temple (1/1) D:7            Lair (0/5) D:8
  Sewer (visited)
    Orc: D:9-12

Altars:
Ashenzari
Cheibriados
Fedhas
Hepliaklqana
Kikubaaqudgha
Makhleb
Nemelex Xobeh
Okawaru
Qazlal
Sif Muna
Yredelemnul
Zin
The Shining One

Shops:
D:1 =   D:3 ?

Annotations:
D:3 3 runed translucent doors, zeram's ghost, weakling TrSu


Innate Abilities, Weirdness & Mutations

You have a pair of horns on your head.
You reflexively headbutt those who attack you in melee.
Your natural rate of healing is unusually fast.
You are covered in thick fur. (AC +2)


Message History

You slash Amaemon!
Amaemon is almost dead.
You closely miss the scorpion.
* * * LOW HITPOINT WARNING * * *
You feel very sick. You block Amaemon's attack.
Amaemon claws you but does no damage. Amaemon tail-slaps you.
* * * LOW HITPOINT WARNING * * *
You slash Amaemon!
You kill Amaemon!
Okawaru is honoured by your kill.
The scorpion disappears in a puff of smoke! x2
* * * LOW HITPOINT WARNING * * *
You feel very sick.
Unknown command.
Unknown command.
Okay, then.
Okay, then.
It was a potion of mutation.
You feel extremely strange.
You begin to heal more quickly.
Fur sprouts all over your body.
Your fur grows into a thick mane.
* * * LOW HITPOINT WARNING * * *
You feel very sick.
Unknown command.
There is a lethal amount of poison in your body!
Unknown command.
You remove your ring of protection from cold.
* * * LOW HITPOINT WARNING * * *
You feel sick.
E - a ring of poison resistance (left hand)
* * * LOW HITPOINT WARNING * * *
You feel sick.
Unknown command.
* * * LOW HITPOINT WARNING * * *
You feel very sick.
You see here a +1 demon whip of venom.
d - a +1 demon whip of venom
* * * LOW HITPOINT WARNING * * *
You feel very sick.
You die...

,,*,,,*,,,*,,,*,,,*,,*
,,,,,,,,,,,,,,,,,,,,,*
,*********##########**
*,,,,,,,,,.........#
,,,,,,,,,*.........######**
,,,,,,,,,,............>..,*
**,,,,,,,#######)........,*
*,,,,,,,#.......))......,*
*,,,,,,,#......@..######**
**,<,,,,,..........#
,,,,,,,,,..........#
****,,***#.........# *
*,,***#.........#*****
****,,*,,.....?.....*,,,**
,,,*,,,,*#...........,,,,**
,,,*,,,**#............,,,,*
,,,*,,,,**,,,,,,,,<,,,,,,,*


There were no monsters in sight!

Vanquished Creatures
  Gastronok (D:9)
  Amaemon (D:10)
  A cyclops (D:10)
  Maurice (D:9)
  An orange demon (D:10)
  A cane toad (shapeshifter) (D:10)
  A tengu conjurer (D:10)
  2 trolls
  A centaur simulacrum (D:10)
  A steam dragon (D:7)
  Menkaure (D:7)
  2 wargs (D:8)
  3 water moccasins
  2 sky beasts
  2 ice beasts
  A black bear (D:5)
  6 orc warriors
  An ogre (D:4)
  6 centaurs
  2 phantoms
  6 kobold brigands
  4 bullfrogs
  2 scorpions
  A necrophage (D:5)
  8 wights
  8 killer bees
  2 howler monkeys
  3 hounds
  6 orc priests
  2 iguanas (D:6)
  A gnoll bouda (D:8)
  10 orc wizards
  5 gnolls
  2 river rats (Sewer)
  9 adders
  2 white imps
  4 ufetubi
  4 worms
  2 dart slugs
  38 orcs
  5 endoplasms
  6 giant cockroaches
  16 goblins
  6 hobgoblins
  3 jackals
  28 kobolds
  6 quokkas
  12 ball pythons
  7 bats
  5 frilled lizards
  10 rats
  A spectral kobold (D:8)
261 creatures vanquished.

Vanquished Creatures (others)
  15 fungi (D:10)
  23 plants
38 creatures vanquished.

Grand Total: 299 creatures vanquished

Notes
Turn   | Place    | Note
-------+----------+-------------------------------------------
     0 | D:1      | Icepheonix32 the Minotaur Fighter began the quest for the
                  | Orb.
     0 | D:1      | Reached XP level 1. HP: 19/19 MP: 0/0
   171 | D:1      | Reached XP level 2. HP: 27/27 MP: 1/1
   180 | D:1      | Found a faded altar of an unknown god.
   356 | D:1      | Found Burit's Jewellery Boutique.
   774 | D:2      | Reached XP level 3. HP: 34/34 MP: 2/2
   863 | D:2      | Reached skill level 4 in Armour
  1410 | D:2      | Reached XP level 4. HP: 41/41 MP: 3/3
  1763 | D:3      | Found Haod's Magic Scroll Boutique.
  1932 | D:3      | Bought a scroll of identify for 22 gold pieces
  1932 | D:3      | Bought a scroll of blinking for 82 gold pieces
  2197 | D:3      | Found a runed translucent gate.
  2197 | D:3      | Found a runed translucent gate.
  2197 | D:3      | Noticed a kobold brigand
  2197 | D:3      | Noticed zeram's ghost (weakling TrSu)
  2198 | D:3      | Found a runed translucent gate.
  2621 | D:4      | Reached skill level 5 in Fighting
  2621 | D:4      | Reached XP level 5. HP: 37/48 MP: 4/4
  3374 | D:4      | Noticed an ogre
  3380 | D:4      | Killed an ogre
  3381 | D:4      | Reached skill level 1 in Dodging
  4323 | D:5      | Entered Level 5 of the Dungeon
  4328 | D:5      | Reached XP level 6. HP: 56/56 MP: 5/5
  4394 | D:5      | Found a blossoming altar of Fedhas.
  4397 | D:5      | Found an ancient bone altar of Kikubaaqudgha.
  4431 | D:5      | Reached skill level 5 in Armour
  4444 | D:5      | Found a glowing drain.
  4464 | Sewer    | Entered a sewer
  4639 | Sewer    | Reached skill level 5 in Axes
  4767 | Sewer    | Reached XP level 7. HP: 46/63 MP: 6/6
  5116 | Sewer    | Reached skill level 5 in Shields
  5647 | D:5      | Reached skill level 6 in Armour
  5697 | D:5      | Found a glowing golden altar of the Shining One.
  5885 | D:5      | Reached XP level 8. HP: 42/73 MP: 7/7
  6067 | D:5      | Reached skill level 7 in Armour
  6132 | D:5      | Found a glowing silver altar of Zin.
  6315 | D:6      | Reached skill level 8 in Armour
  6605 | D:6      | Reached skill level 9 in Armour
  6969 | D:6      | Found a shimmering blue altar of Sif Muna.
  7049 | D:6      | Reached skill level 10 in Armour
  7191 | D:6      | Reached skill level 1 in Stealth
  7516 | D:7      | Found a staircase to the Ecumenical Temple.
  7540 | Temple   | Entered the Ecumenical Temple
  7657 | Temple   | Became a worshipper of Warmaster Okawaru
  7951 | D:6      | Reached skill level 11 in Armour
  8190 | D:7      | Noticed Menkaure
  8200 | D:7      | Killed Menkaure
  8710 | D:7      | Reached XP level 9. HP: 65/81 MP: 8/8
  8862 | D:7      | Reached * piety under Okawaru
  8870 | D:7      | Reached skill level 12 in Armour
  9942 | D:8      | Found a staircase to the Lair.
  9948 | D:8      | Reached ** piety under Okawaru
  9949 | D:8      | Reached skill level 13 in Armour
 10494 | D:8      | Reached skill level 10 in Shields
 10759 | D:8      | Identified a scroll of acquirement
 10759 | D:8      | Acquired the amulet "Aproshi" {Reflect rF+ rN+ Int+7 Dex-3
                  | SH+5}
 10969 | D:8      | Found a hazy altar of Hepliaklqana.
 11009 | D:8      | Reached XP level 10. HP: 85/91 MP: 9/9
 11235 | D:9      | Noticed Maurice
 11328 | D:9      | Killed Maurice
 11328 | D:9      | Reached *** piety under Okawaru
 11332 | D:9      | Reached skill level 14 in Armour
 11576 | D:9      | Got the Tractate on Stony Black Rituals
 11691 | D:9      | Found a stormy altar of Qazlal.
 12004 | D:9      | Noticed Gastronok
 12056 | D:9      | Killed Gastronok
 12056 | D:9      | Reached **** piety under Okawaru
 12057 | D:9      | Reached skill level 10 in Fighting
 12996 | D:10     | Entered Level 10 of the Dungeon
 13002 | D:10     | Noticed a cyclops
 13021 | D:10     | Killed a cyclops
 13042 | D:10     | Noticed a torpor snail
 13054 | D:10     | a torpor snail changed into something unseen
 13059 | D:10     | Noticed a cane toad
 13067 | D:10     | Killed a cane toad
 13067 | D:10     | Reached ***** piety under Okawaru
 13079 | D:10     | Reached skill level 15 in Armour
 13079 | D:10     | Reached XP level 11. HP: 64/101 MP: 10/10
 13123 | D:10     | Noticed Amaemon
 13165 | D:10     | Killed Amaemon
 13166 | D:10     | Gained mutation: Your natural rate of healing is unusually
                  | fast. [potion of mutation]
 13166 | D:10     | Gained mutation: You are covered in fur. (AC +1) [potion of
                  | mutation]
 13166 | D:10     | Gained mutation: You are covered in thick fur. (AC +2)
                  | [potion of mutation]
 13168 | D:10     | HP: 5/101 [poisoned by Amaemon]
 13170 | D:10     | HP: 1/101 [poisoned by Amaemon]
 13171 | D:10     | Succumbed to Amaemon's poison

Illustrated notes

Levels and vault maps discovered:
D:1:      amcnicky_arrival_gap_in_the_tavern_cellar, layout_loops_ring,
          shapermc_ecumenical_altar_hornbeckon, serial_shops, shop_statue
D:2:      kennysheep_the_goblin_king, layout_loops_ring
D:3:      layout_loops_ring, gammafunk_ghost_nasty_kobolds, serial_shops, shop,
          corexii_hall_statues_s
D:4:      layout_layer_cave, eino_curves_04, minmay_manual_mess
D:5:      layout_rooms, grunt_temple_overflow_growth_and_decay,
          mainiacjoe_overflow_paths, zin_scriptorium, gup_sewer_entry_pipe,
          minmay_manual_monolith
D:6:      layout_loops_ring, mainiacjoe_overflow_catwalk
D:7:      layout_basic, minmay_temple_entry_proselytizer, uniq_menkaure
D:8:      layout_basic, nicolae_hepliaklqana_monster_ancestors,
          erik_lair_orcish_takeover, serial_glass, glass_columns_c,
          glass_columns_c
D:9:      layout_long_grid, mainiacjoe_overflow_surrounded_room,
          minmay_misc_feat_square, kennysheep_opposing_triangles, uniq_maurice,
          uniq_gastronok, uniq_erolcha
D:10:     cheibrodos_elevator_heist, layout_rooms,
          lemuel_coloured_pillars_altar, grunt_gozag_statues,
          mainiacjoe_overflow_chevrons, enter_bailey_3, uniq_amaemon
Temple:   hc_temple_tempest_star

Skill      XL: |  1  2  3  4  5  6  7  8  9 10 11 |
---------------+----------------------------------+-----
Fighting       | 4 5 6 7 9 10 | 10.6
Shields        | 4 5 7 10 12 13 | 13.2
Armour         | 4 5 6 11 13 15 | 15.1
Axes           | 3 4 5 6 9 |  9.9
Dodging        | 1 2 3 4 |  4.3
Stealth        | 1 |  1.5
Evocations     | |  0.4

Action                   |  1- 3 |  4- 6 |  7- 9 | 10-12 || total
-------------------------+-------+-------+-------+-------++-------
Melee: War axe           |   103 |    92 |       |       ||   195
       Headbutt          |    15 |    19 |    65 |    40 ||   139
       Hand axe          |       |    74 |   369 |   206 ||   649
Invok: Heroism           |       |       |       |     1 ||     1
Evoke: Wand              |       |     3 |     3 |     2 ||     8
  Use: Scroll            |     3 |     5 |     5 |     2 ||    15
       Potion            |       |       |     4 |    12 ||    16
Armor: Scale mail        |    47 |    77 |   138 |       ||   262
       Chain mail        |       |       |     6 |   132 ||   138
Dodge: Dodged            |    62 |    74 |   142 |    84 ||   362
Block: Buckler           |    17 |    39 |    88 |   134 ||   278
       Reflection        |       |       |     2 |     3 ||     5
